 Dungeon Crawl Stone Soup version 0.27.1-2-g3b301248ec (webtiles) character file.

Game seed: 11869311598117338534

30649 ABBCCCDDDD the Blocker (level 13, 0/90 HPs)
             Began as an Octopode Enchanter on Sept 29, 2021.
             Slain by an orc warrior (37 damage)
             ... on level 1 of the Orcish Mines.
             The game lasted 01:20:03 (25453 turns).

ABBCCCDDDD the Blocker (Octopode Enchanter)        Turns: 25453, Time: 01:20:04

Health: 0/90       AC: 11    Str:  7    XL:     13   Next: 53%
Magic:  28/28      EV: 13    Int: 21    God:
Gold:   435        SH: 18    Dex: 14    Spells: 12/20 levels left

rFire    x . .     SeeInvis +   l - +1 dagger (protect)
rCold    + + .     Faith    .   p - +1 kite shield {AC+3}
rNeg     . . .     Spirit   .   w - +0 mask of the Dragon {Will+ Slay+3 SInv}
rPois    .         Reflect  +   x - amulet of reflection
rElec    .         Harm     .   n - ring of resist corrosion
rCorr    +         Rampage  .   t - ring of protection from cold
Will     +....                  P - ring of magical power
Stlth    +++++.....             S - ring of ice
HPRegen  0.25/turn              (no ring)
MPRegen  0.21/turn              (no ring)
                                (no ring)
                                (no ring)

@: under a protective aura
A: almost no armour, amphibious, 8 rings, camouflage 1, gelatinous body 1,
(nimble swimmer 1), tentacles
a: no special abilities


You were on level 1 of the Orcish Mines.
You visited 4 branches of the dungeon, and saw 18 of its levels.
You visited 1 bazaar.
You also visited: Bailey and Ice Cave.

You collected 1508 gold pieces.
You spent 1073 gold pieces at shops.

Inventory:

Hand Weapons
 b - a +0 vorpal rapier
 h - a +0 short sword of freezing
 j - a +0 halberd
 l - a +1 dagger of protection (weapon)
 s - a +1 dagger of venom
 K - a +0 quick blade
Missiles
 y - 6 curare-tipped darts
 A - 57 poisoned darts (quivered)
 D - 2 boomerangs of dispersal
 J - 4 throwing nets
Armour
 p - a +1 kite shield of protection (worn)
 w - the +0 mask of the Dragon (worn) {Will+ Slay+3 SInv}
   (You bought it in a shop on level 14 of the Dungeon)

   Slay:      It affects your accuracy & damage with ranged weapons and melee
   (+3).
   SInv:      It lets you see invisible.
   Will:      It increases your willpower.
Jewellery
 n - a ring of resist corrosion (left tentacle)
 o - an amulet of guardian spirit
 t - a ring of protection from cold (right tentacle)
 x - an amulet of reflection (around mantle)
 O - an amulet of magic regeneration
 P - a ring of magical power (on tentacle)
 S - a ring of ice (on tentacle)
Wands
 c - a wand of paralysis (10)
 g - a wand of digging (1)
 r - a wand of polymorph (7)
 v - a wand of flame (15)
 R - a wand of acid (5)
Scrolls
 a - a scroll of fog
 d - a scroll of enchant weapon
 e - a scroll of torment
 i - 3 scrolls of enchant armour
 m - 3 scrolls of immolation
 C - a scroll of summoning
 F - a scroll of fear
 G - 2 scrolls of magic mapping
 H - 3 scrolls of blinking
 I - a scroll of vulnerability
 M - 3 scrolls of teleportation
 Q - 3 scrolls of identify
Potions
 f - 3 potions of haste
 k - 2 potions of cancellation
 q - 5 potions of curing
 u - 4 potions of flight
 z - a potion of ambrosia
 B - 3 potions of magic
 E - a potion of lignification
 N - a potion of attraction {unknown}
 T - a potion of heal wounds
 U - a potion of resistance {unknown}
Miscellaneous
 L - a phantom mirror (inert)


   Skills:
 + Level 9.6 Fighting
 - Level 6.0 Short Blades
 - Level 2.0 Dodging
 - Level 9.0 Stealth
 - Level 14.6 Shields
 - Level 4.0 Spellcasting
 - Level 7.0 Hexes
 - Level 5.0 Ice Magic
 + Level 7.7 Evocations


You had 12 spell levels left.
You knew the following spells:

 Your Spells              Type           Power      Damage    Failure   Level
a - Corona                Hex            36%        N/A       1%          1
b - Ensorcelled Hibernat  Hex/Ice        88%        N/A       1%          2
c - Blink                 Tloc           N/A        N/A       19%         2
d - Tukima's Dance        Hex            33%        N/A       1%          3

Your spell library contained the following spells:

 Spells                   Type           Power      Damage    Failure   Level
 Confusing Touch          Hex            33%        N/A       1%          3
 Dazzling Flash           Conj/Hex       36%        N/A       9%          3
 Corpse Rot               Necr/Air       N/A        N/A       19%         2
 Lesser Beckoning         Tloc           2%         N/A       36%         3
 Dispel Undead            Necr           4%         3d7       77%         4
 Iskenderun's Mystic Bla  Conj/Tloc      4%         2d3       77%         4
 Manifold Assault         Tloc           4%         N/A       98%         5
 Summon Forest            Summ/Tloc      2%         N/A       98%         5
 Death Channel            Necr           2%         N/A       100%        6
 Dispersal                Tloc           2%         N/A       100%        6
 Eringya's Noxious Bog    Tmut/Pois      2%         N/A       100%        6
 Starburst                Conj/Fire      2%         6d3       100%        6
 Summon Hydra             Summ           2%         N/A       100%        7
 Disjunction              Tloc           2%         N/A       100%        8


Dungeon Overview and Level Annotations

Branches:
Dungeon (14/15)            Temple (1/1) D:4            Lair (2/6) D:9
    Orc (1/2) D:11         Bailey (visited)           IceCv (visited)
  Swamp: Lair:2-4    Shoals: Lair:2-4     Snake: Lair:2-4    Spider: Lair:2-4
 Vaults: D:13-14

Altars:
Ashenzari
Cheibriados
Dithmenos
Elyvilon
Fedhas
Gozag
Hepliaklqana
Kikubaaqudgha
Makhleb
Nemelex Xobeh
Okawaru
Ru
Sif Muna
Trog
Uskayaw
Vehumet
Wu Jian
Yredelemnul
Zin
The Shining One
Beogh

Shops:
D:5 [   D:7 :   D:14 [([:

Annotations:
D:11 3 runed translucent doors, Vexag's ghost, novice HOMo
Lair:2 exclusions: cane toad, catoblepas and polar bear


Innate Abilities, Weirdness & Mutations

You cannot wear most types of armour.
You are amphibious.
You can wear up to eight rings at the same time.
Your skin changes colour to match your surroundings (Stealth+).
Your rubbery body absorbs attacks. (AC +1, EV +1)
((You are camouflaged near water. (Stealth+)))
You have tentacles for arms and can constrict up to eight enemies at once.


Message History

Your grab misses the orc warrior.
You squeeze the orc warrior, but do no damage.
The orc warrior is lightly wounded.
You block the orc warrior's attack.
You hit the orc warrior. You grab the orc warrior.
The orc warrior is moderately wounded.
You constrict the orc warrior, but do no damage.
The orc warrior barely misses you.
You barely miss the orc warrior.
The orc warrior is moderately wounded.
You constrict the orc warrior, but do no damage.
You hit the orc warrior.
The orc warrior is moderately wounded.
You constrict the orc warrior. You block the orc warrior's attack.
You hit the orc warrior.
The orc warrior is heavily wounded.
You constrict the orc warrior, but do no damage.
You block the orc warrior's attack.
The orc warrior shouts!
You hit the orc warrior but do no damage.
The orc warrior is heavily wounded.
You constrict the orc warrior, but do no damage.
You hit the orc warrior but do no damage.
You squeeze the orc warrior, but do no damage.
The orc warrior is heavily wounded.
You constrict the orc warrior, but do no damage.
You block the orc warrior's attack.
You hit the orc warrior.
The orc warrior is severely wounded.
You constrict the orc warrior, but do no damage.
You block the orc warrior's attack.
You hit the orc warrior but do no damage.
You squeeze the orc warrior, but do no damage.
The orc warrior is severely wounded.
You constrict the orc warrior. You hit the orc warrior.
The orc warrior is almost dead.
You constrict the orc warrior, but do no damage.
The orc warrior hits you with a +0 glaive!!!
You die...

## ###........# )## ###...[...##
#.## ##.#.......### ...######
#............# .....##.##
##....o......### .........####
#..............####
........###.###..>...##.#.....#.#
#....#..#....#........###.....#.#
#.#.........#).o@....###........#
...#.#..|.####.......####......#.
..#####..## #..#......#........##
..# #### ##.#...รท..........##
.## ####............## ##
#............# ##.......##.##
#......##### ###......#


You could see 2 orc warriors.

Levels and vault maps discovered:
D:1:      dpeg_arrival_arbitrary_a, layout_rooms,
          ebering_ecumenical_altar_abandoned
D:2:      layout_rooms, basic_altar, minmay_statues_item, minmay_misc_feat_room,
          st_stairs_11, chequers_serial_rivers_large_b
D:3:      layout_loops_corners
D:4:      layout_loops_cross, minmay_temple_entry_fiery,
          chequers_serial_rivers_micro_b
D:5:      layout_loops_corners, kennysheep_mini, lemuel_tele_altar,
          serial_shops, shop, kennysheep_potato, uniq_eustachio
D:6:      minmay_polygon_palace, layout_loops_corners, minmay_door_square,
          st_stairs_14, minmay_small_thing, uniq_grinder, uniq_maggie
D:7:      layout_loops_corners, nicolae_shop_self_help
D:8:      layout_loops_ring, chequers_temple_overflow_statue_of_worship
D:9:      lemuel_ogre_cave, layout_basic, mainiacjoe_overflow_swirl,
          dpeg_lair_monsters, serial_shops, nicolae_lakefront_shop,
          enter_bailey_3, uniq_harold, uniq_erolcha, uniq_joseph
D:10:     layout_basic
D:11:     layout_irregular_city, david_orc_5, maelrawn_ghost_gauntlet_escape,
          kennysheep_small_spiral, serial_bayou_lagoon_a, nrook_campfire,
          minmay_rotating_lava
D:12:     layout_roguey, portal_ice_cave_entry_pillars_2
D:13:     layout_basic, hangedman_vaults_entry_quadrant_bands,
          nicolae_trove_entry_diagonal, serial_shops, bzr_entry_water,
          eino_house_with_fridge
D:14:     layout_big_octagon, grunt_decor_arrowhead, minmay_shop_grid_forest,
          okawaru_trees_2
Temple:   regret_index_temple_generic_petals
Lair:1:   layout_roguey
Lair:2:   layout_loops_ring, elwin_shoals_entry_rooms, gauntlet_entry_generic
Orc:1:    orc_temple, layout_diamond_mine, hellmonk_bongcloud_opening,
          mines2_david, uniq_fannar

Notes
Turn   | Place    | Note
-------+----------+-------------------------------------------
     0 | D:1      | ABBCCCDDDD the Octopode Enchanter began the quest for the
                  | Orb.
     0 | D:1      | Reached XP level 1. HP: 11/11 MP: 3/3
   264 | D:1      | Reached skill level 1 in Fighting
   264 | D:1      | Reached XP level 2. HP: 1/18 MP: 1/5
   836 | D:1      | Learned a level 2 spell: Ensorcelled Hibernation
  1184 | D:1      | Reached XP level 3. HP: 21/23 MP: 4/6
  1209 | D:1      | Found a faded altar of an unknown god.
  1662 | D:2      | Found a glowing silver altar of Zin.
  2169 | D:2      | Reached XP level 4. HP: 20/29 MP: 1/7
  2465 | D:3      | You fall into a shaft and drop 3 floors!
  2471 | D:5      | Entered Level 5 of the Dungeon
  2543 | D:5      | Found Miuntam's Armour Emporium.
  2707 | D:5      | Noticed Eustachio
  2740 | D:5      | Found a sparkling altar of Nemelex Xobeh.
  2806 | D:5      | Reached skill level 1 in Ice Magic
  4112 | D:3      | Reached XP level 5. HP: 34/34 MP: 5/8
  4614 | D:4      | Learned a level 2 spell: Blink
  4708 | D:4      | Found a staircase to the Ecumenical Temple.
  4772 | D:4      | Noticed a phantom
  4973 | D:4      | Noticed a phantom
  5144 | D:5      | Reached skill level 5 in Stealth
  5144 | D:5      | Reached skill level 1 in Evocations
  5144 | D:5      | Reached XP level 6. HP: 39/41 MP: 9/9
  5190 | D:5      | Found a blossoming altar of Fedhas.
  5871 | D:5      | Noticed a two-headed ogre
  5961 | D:6      | Noticed a water moccasin
  6052 | D:6      | Noticed Maggie
  6285 | D:6      | Killed Maggie
  6286 | D:6      | Reached XP level 7. HP: 46/46 MP: 9/11
  6493 | D:6      | Reached skill level 5 in Hexes
  6642 | D:6      | Noticed a troll
  6684 | D:6      | Noticed Grinder
  7076 | D:7      | Reached XP level 8. HP: 54/54 MP: 13/13
  7350 | D:7      | Found Ezolesch's Self-Improvement Boutique.
  7734 | D:7      | Identified the +3 leather armour "Xalevobib" {Rampage Dex+5
                  | SInv}
  7836 | D:7      | Learned a level 3 spell: Tukima's Dance
  8706 | D:8      | Found an ornate altar of the Wu Jian Council.
  8720 | D:8      | Found an ancient bone altar of Kikubaaqudgha.
  8894 | D:8      | Reached skill level 5 in Fighting
  9109 | D:8      | Reached skill level 5 in Evocations
  9109 | D:8      | Reached XP level 9. HP: 55/61 MP: 9/15
  9745 | D:9      | Noticed a two-headed ogre
  9749 | D:9      | Found a staircase to the Lair.
  9749 | D:9      | Noticed a death yak
  9749 | D:9      | Noticed a death yak
  9749 | D:9      | Noticed a death yak
 10055 | D:9      | Found a flagged portal.
 10082 | Bailey   | Entered a bailey
 10368 | Bailey   | Identified the +1 fire dragon scales "Xegg" {rPois rF++ rC-
                  | rCorr Str-5}
 11513 | Bailey   | Noticed an orc knight
 11527 | Bailey   | Reached skill level 1 in Shields
 11683 | Bailey   | Killed an orc knight
 11770 | Bailey   | Reached skill level 2 in Shields
 12096 | D:9      | Noticed Harold
 12117 | D:10     | Entered Level 10 of the Dungeon
 12262 | D:10     | Noticed a seven-headed hydra
 12418 | D:10     | Reached skill level 3 in Shields
 12418 | D:10     | Reached XP level 10. HP: 71/71 MP: 12/16
 12572 | D:10     | Reached skill level 4 in Shields
 12572 | D:10     | Reached skill level 5 in Ice Magic
 12827 | D:10     | Reached skill level 5 in Shields
 13280 | D:10     | Reached skill level 6 in Shields
 13539 | D:10     | Reached skill level 7 in Shields
 13663 | D:11     | Found a runed translucent gate.
 13664 | D:11     | Found a runed translucent gate.
 13665 | D:11     | Found a runed translucent gate.
 13666 | D:11     | Noticed a two-headed ogre
 13753 | D:11     | Noticed a green ugly thing
 13923 | D:9      | Noticed Joseph
 14030 | D:5      | Killed a two-headed ogre
 14031 | D:5      | Reached skill level 8 in Shields
 15250 | D:5      | Killed Eustachio
 15251 | D:5      | Reached XP level 11. HP: 71/77 MP: 14/17
 15548 | D:6      | Paralysed by Grinder for 3 turns
 15555 | D:6      | Killed Grinder
 15556 | D:6      | Reached skill level 9 in Shields
 15917 | D:6      | Noticed a two-headed ogre
 15936 | D:6      | Killed a two-headed ogre
 16075 | D:6      | Noticed a purple ugly thing
 16080 | D:6      | Killed a purple ugly thing
 17399 | D:8      | Reached skill level 10 in Shields
 17601 | D:8      | Found a basalt altar of Yredelemnul.
 17668 | D:9      | Killed Joseph
 17669 | D:9      | Reached skill level 5 in Short Blades
 17961 | D:9      | Killed a two-headed ogre
 18056 | D:9      | Noticed a two-headed ogre
 18064 | D:9      | Killed a two-headed ogre
 18174 | D:9      | Noticed a two-headed ogre
 18186 | D:9      | Killed a two-headed ogre
 18212 | D:9      | Noticed a two-headed ogre
 18226 | D:9      | Killed a two-headed ogre
 18309 | D:9      | Reached skill level 11 in Shields
 18357 | D:9      | Killed Harold
 18569 | D:9      | Reached XP level 12. HP: 82/82 MP: 18/18
 18569 | D:9      | Killed a death yak
 18570 | D:9      | Reached skill level 12 in Shields
 19679 | D:11     | Found a staircase to the Orcish Mines.
 20164 | D:11     | You fall into a shaft and drop 3 floors!
 20176 | D:14     | Found Hutiqunt's Antique Armour Boutique.
 20178 | D:14     | Found Jihig's Armour Boutique.
 20178 | D:14     | Found Non Bidgh's Antique Weapon Boutique.
 20290 | D:14     | Reached skill level 13 in Shields
 20436 | D:14     | Found Nezijodgh's Book Boutique.
 20452 | D:14     | Bought the +0 mask of the Dragon {Will+ Slay+3 SInv} for
                  | 1035 gold pieces
 20452 | D:14     | Found the +0 mask of the Dragon {Will+ Slay+3 SInv}
 20484 | D:13     | Noticed a two-headed ogre
 20496 | D:13     | Killed a two-headed ogre
 20667 | D:13     | Found a flickering gateway to a bazaar.
 20669 | D:13     | Noticed a centaur warrior
 20741 | D:13     | Noticed a seven-headed hydra
 20743 | D:13     | Killed a centaur warrior
 20746 | D:13     | Killed a seven-headed hydra
 20748 | D:13     | Noticed a centaur warrior
 20769 | D:13     | Killed a centaur warrior
 20775 | Bazaar   | Entered a bazaar
 20946 | Bazaar   | Found Enepsykli's Magic Scroll Shoppe.
 20946 | Bazaar   | Found Qec Soc's Weapon Emporium.
 20981 | Bazaar   | Found Vitam's Antique Weapon Emporium.
 21048 | Bazaar   | Bought a scroll of fear for 38 gold pieces
 21115 | D:13     | Noticed a centaur warrior
 21124 | D:13     | Killed a centaur warrior
 21125 | D:13     | Reached skill level 14 in Shields
 21407 | D:12     | Noticed a two-headed ogre
 21415 | D:12     | Killed a two-headed ogre
 21464 | D:12     | Found a frozen archway.
 21496 | IceCv    | Entered an ice cave
 21828 | IceCv    | Noticed a death yak
 21847 | IceCv    | Noticed a death yak
 21872 | IceCv    | Reached XP level 13. HP: 85/88 MP: 19/19
 22300 | D:12     | Identified the +10 spear "Ytis Gie" {drain, Str+3}
 22649 | D:11     | Noticed Vexag's ghost (novice HOMo)
 22651 | D:11     | Noticed a minotaur
 23072 | Lair:1   | Entered Level 1 of the Lair of Beasts
 24139 | Temple   | Entered the Ecumenical Temple
 24548 | Orc:1    | Entered Level 1 of the Orcish Mines
 25081 | Orc:1    | Noticed Fannar
 25096 | Orc:1    | Killed Fannar
 25216 | Orc:1    | Noticed an orc warlord
 25242 | Orc:1    | Killed an orc warlord
 25453 | Orc:1    | Slain by an orc warrior

Table legend: (Time is in decaauts)
 A = Elapsed time spent in this place.
 B = Non-inter-level travel time spent in this place.
 C = Inter-level travel time spent in this place.
 D = Time resting spent in this place.
 E = Time spent auto-exploring this place.
 F = Levels seen in this place.
 G = Mean time per level.
                   A        B        C        D        E       F      G
               +--------+--------+--------+--------+--------+-----+--------+
         Total |  25338 |  24249 |   1089 |   7182 |   8535 |  21 | 1206.6 |
       Dungeon |  21137 |  20125 |   1012 |   6617 |   6985 |  14 | 1509.8 |
        Temple |    272 |    241 |     31 |      0 |    238 |   1 |  272.0 |
          Lair |    953 |    908 |     45 |     15 |    716 |   2 |  476.5 |
  Orcish Mines |    532 |    532 |      0 |      0 |    296 |   1 |  532.0 |
        Bazaar |    313 |    313 |      0 |      0 |    230 |   1 |  313.0 |
        Bailey |   1757 |   1757 |      0 |    288 |     70 |   1 | 1757.0 |
      Ice Cave |    372 |    372 |      0 |    262 |      0 |   1 |  372.0 |
               +--------+--------+--------+--------+--------+-----+--------+

Top non-repeatable levels by time:
     D:6: 2871 daAuts
     D:9: 2183 daAuts
    D:10: 2038 daAuts
     D:5: 1917 daAuts
     D:7: 1855 daAuts
    D:11: 1830 daAuts
  Bailey: 1757 daAuts
     D:3: 1615 daAuts
     D:4: 1598 daAuts
     D:1: 1459 daAuts
     D:8: 1301 daAuts
     D:2: 929 daAuts
    D:12: 899 daAuts
  Lair:1: 664 daAuts
   Orc:1: 532 daAuts

Table legend:
 A = Kills in this place as a percentage of kills in entire the game.
 B = Kills by you in this place as a percentage of kills by you in the entire game.
 C = Kills by friends in this place as a percentage of kills by friends in the entire game.
 D = Other kills in this place as a percentage of other kills in the entire game.
 E = Experience gained in this place as a percentage of experience gained in the entire game.
 F = Experience gained in this place divided by the number of levels of this place that you have seen.
                   A       B       C       D       E      F
               +-------+-------+-------+-------+-------+----------------------
         Total | 100.0 | 100.0 | 100.0 |   N/A | 100.0 | 2085.0
       Dungeon |  86.0 |  86.0 |  86.4 |   N/A |  79.5 | 2487.8
          Lair |   2.8 |   3.0 |   0.0 |   N/A |   6.6 | 1447.5
  Orcish Mines |   5.7 |   5.8 |   4.5 |   N/A |   9.8 | 4286.0
        Bailey |   4.1 |   3.8 |   9.1 |   N/A |   1.7 | 752.0
      Ice Cave |   1.3 |   1.4 |   0.0 |   N/A |   2.3 | 1023.0
               +-------+-------+-------+-------+-------+----------------------

Action                   |  1- 3 |  4- 6 |  7- 9 | 10-12 | 13-15 || total
-------------------------+-------+-------+-------+-------+-------++-------
Melee: Dagger            |   100 |    98 |   143 |   597 |   140 ||  1078
       Tentacles         |    12 |    10 |    21 |   137 |    20 ||   200
       Constrict         |    24 |    14 |    23 |    74 |    18 ||   153
       Trident           |       |       |   118 |       |       ||   118
       Spear             |       |       |    48 |       |       ||    48
       Short sword       |       |       |       |    45 |       ||    45
       Rapier            |       |       |       |    71 |       ||    71
Throw: Dart              |     2 |     2 |    15 |    25 |       ||    44
       Throwing net      |       |       |     1 |       |       ||     1
       Javelin           |       |       |       |     6 |       ||     6
 Cast: Corona            |    27 |     2 |     5 |     1 |       ||    35
       Ensorcelled Hiber |     5 |    26 |    50 |   131 |    51 ||   263
       Tukima's Dance    |       |       |    11 |    25 |     1 ||    37
Evoke: Wand              |       |     3 |    14 |    35 |     8 ||    60
       Phantom mirror    |       |       |       |     1 |     1 ||     2
  Use: Potion            |       |     1 |     2 |       |       ||     3
       Scroll            |       |     6 |     6 |    13 |     1 ||    26
 Stab: Sleeping          |     8 |    25 |    34 |    58 |    38 ||   163
       Distracted        |       |       |     1 |       |       ||     1
       Paralysed         |       |       |       |    11 |     1 ||    12
Armor: Skin              |    11 |     8 |     2 |   148 |     8 ||   177
Dodge: Dodged            |    59 |    45 |    90 |   227 |    42 ||   463
Block: Kite shield       |       |       |       |   482 |    89 ||   571
       Reflection        |       |       |       |    17 |     1 ||    18

Vanquished Creatures
  Fannar (Orc:1)
  A hydra (D:13)
  Harold (D:9)
  2 centaur warriors (D:13)
  4 two-headed ogres
  A death yak (D:9)
  A deep elf pyromancer (D:13)
  An orc knight (Orc:1)
  3 ugly things
  2 cyclopes
  2 centaur zombies (D:11)
  5 cane toads
  Joseph (D:9)
  Maggie (D:6)
  A komodo dragon (D:12)
  2 polar bears (IceCv)
  6 trolls
  Grinder (D:6)
  2 wraiths (D:12)
  A vampire (D:12)
  A shadow (D:12)
  31 yaks
  Eustachio (D:5)
  A wyvern (D:9)
  A basilisk (D:12)
  5 vampire mosquitoes (D:14)
  A steam dragon (D:7)
  7 water moccasins
  16 orc warriors
  2 sky beasts (D:8)
  2 wolves (IceCv)
  12 ogres
  9 centaurs
  3 kobold brigands
  4 phantoms
  6 bullfrogs
  A scorpion (D:6)
  A wyvern zombie (D:8)
  A wyvern skeleton (D:5)
  2 water moccasin skeletons (D:5)
  4 killer bees (D:8)
  2 wights (D:8)
  4 howler monkeys
  An electric eel (D:11)
  2 hounds
  A jelly (D:7)
  10 orc priests
  3 bullfrog skeletons (D:6)
  3 centaur skeletons
  2 gnoll shamans
  5 iguanas
  A hell rat (D:9)
  6 orc wizards
  A hound zombie (D:5)
  3 howler monkey skeletons
  15 gnolls
  11 adders
  3 river rats (D:9)
  3 white imps
  An ufetubus (D:6)
  3 adder skeletons
  A worm (D:4)
  A dart slug (D:2)
  55 orcs
  5 bats
  6 endoplasms
  5 giant cockroaches
  9 goblins
  8 hobgoblins
  3 jackals (D:1)
  4 quokkas
  8 ball pythons
  A frilled lizard (D:1)
  22 kobolds
  6 rats
364 creatures vanquished.

Vanquished Creatures (collateral kills)
  An orc warlord (Orc:1)
  5 two-headed ogres
  A centaur warrior (D:13)
  An orc knight (Bailey)
  3 wights (D:8)
  An orc priest (D:7)
  A gnoll (D:6)
  6 orcs
  A quokka (D:9)
  2 kobolds (D:9)
22 creatures vanquished.

Vanquished Creatures (others)
  8 dancing weapons
  A centaur (D:6)
  A killer bee zombie (D:7)
  21 plants (D:11)
31 creatures vanquished.

Grand Total: 417 creatures vanquished
